BSA
NASSAU ROCKETS @ HOUSTON MARSHALS
09/16/2026
 
TOP OF THE 1ST
Nassau Rockets batting - Pitching for Toronto Titans : LHP Braydon Schute
Pitching: LHP Braydon Schute
Batting: RHB Ed Sims 0-0: Called Strike
0-1: Ball
1-1: Swinging Strike
1-2: Foul Ball, location: 2F
1-2: Ball
2-2: Ground out 4-3 (Groundball, 34)
Batting: SHB Howard Parker 0-0: Called Strike
0-1: SINGLE (Groundball, 25) (infield hit)
Batting: LHB Andrew Alvarado 0-0: Called Strike
0-1: Called Strike
Howard Parker is caught stealing 2nd base
0-2: Ball
1-2: Fly out, F6 (Popup, 6M)
Top of the 1st over - 0 run(s), 1 hit(s), 0 error(s), 0 left on base; Nassau 0 - Toronto 0
BOTTOM OF THE 1ST
Toronto Titans batting - Pitching for Nassau Rockets : RHP Derek Simpson
Pitching: RHP Derek Simpson
Batting: SHB Ramón Lugo 0-0: Ball
1-0: Ball
2-0: Ball
3-0: Called Strike
3-1: Base on Balls
Batting: LHB Lewis Barr 0-0: Ball
1-0: SINGLE (Line Drive, 7S)
Ramón Lugo to second
Batting: LHB Kent MacDulothe 0-0: Called Strike
0-1: Ball
1-1: Grounds into double play, 4-6-3 (Groundball, 34)
Ramón Lugo to third
Batting: LHB Roberto García 0-0: Ball
1-0: Fly out, F4 (Popup, 4)
Bottom of the 1st over - 0 run(s), 1 hit(s), 0 error(s), 1 left on base; Nassau 0 - Toronto 0
TOP OF THE 2ND
Nassau Rockets batting - Pitching for Toronto Titans : LHP Braydon Schute
Batting: LHB Bob Martin 0-0: Ball
1-0: Called Strike
1-1: Called Strike
1-2: Ball
2-2: Strikes out swinging
Batting: RHB Yaichiro Sugahara 0-0: Ball
1-0: SINGLE (Groundball, 6MD)
Batting: LHB Don Ramey 0-0: Called Strike
0-1: Ball
1-1: Swinging Strike
1-2: Ball
2-2: Ball
3-2: Fly out, F4 (Line Drive, 4)
Batting: RHB José Hernández 0-0: Called Strike
0-1: Ball
1-1: Foul Ball, location: 2F
1-2: Foul Ball, location: 2F
1-2: DOUBLE (Groundball, 5L)
Yaichiro Sugahara to third
Batting: LHB Rafael Delgado 0-0: Called Strike
0-1: Ball
1-1: Ball
2-1: Ball
3-1: Swinging Strike
3-2: Strikes out looking
Top of the 2nd over - 0 run(s), 2 hit(s), 0 error(s), 2 left on base; Nassau 0 - Toronto 0
BOTTOM OF THE 2ND
Toronto Titans batting - Pitching for Nassau Rockets : RHP Derek Simpson
Batting: LHB José Rodríguez 0-0: Called Strike
0-1: Ground out 2-3 (Groundball, 2L)
Batting: SHB Juan Gómez 0-0: Ball
1-0: Swinging Strike
1-1: Foul Ball, location: 2F
1-2: Foul Ball, location: 2F
1-2: Foul Ball, location: 2F
1-2: Ball
2-2: Ball
3-2: Base on Balls
Batting: LHB Matt Smith 0-0: Foul Ball, location: 2F
0-1: Foul Ball, location: 2F
0-2: Foul Ball, location: 2F
0-2: Ball
1-2: Hit by Pitch
Juan Gómez to second
Pinch Runner at 1st Alberto Velásquez:
Batting: RHB Jim Tracy 0-0: Ball
Wild Pitch!
Juan Gómez to third
Alberto Velásquez to second
1-0: Fly out, F7 (Line Drive, 7M)
Runner from 3rd tags up, SCORES, throw made
Batting: RHB Pedro Rosado 0-0: Swinging Strike
0-1: SINGLE (Line Drive, 89S)
Alberto Velásquez to third
Runner from 3rd tries for Home, SAFE, no throw or cutoff
Batting: SHB Ramón Lugo 0-0: Called Strike
0-1: Called Strike
0-2: Foul Ball, location: 2F
0-2: Ball
Pedro Rosado is caught stealing 2nd base
Bottom of the 2nd over - 2 run(s), 1 hit(s), 0 error(s), 0 left on base; Nassau 0 - Toronto 2
TOP OF THE 3RD
Nassau Rockets batting - Pitching for Toronto Titans : LHP Braydon Schute
Now at 3B: Alberto Velásquez
Batting: RHB Pete Harvey 0-0: Called Strike
0-1: Swinging Strike
0-2: Fly out, F7 (Flyball, 7M)
Batting: RHB Ed Sims 0-0: Called Strike
0-1: Ball
1-1: Ball
2-1: Swinging Strike
2-2: Strikes out swinging
Batting: SHB Howard Parker 0-0: Foul Ball, location: 2F
0-1: Foul Ball, location: 2F
0-2: SINGLE (Line Drive, 34)
Batting: LHB Andrew Alvarado 0-0: Called Strike
Howard Parker is caught stealing 2nd base
Top of the 3rd over - 0 run(s), 1 hit(s), 0 error(s), 0 left on base; Nassau 0 - Toronto 2
BOTTOM OF THE 3RD
Toronto Titans batting - Pitching for Nassau Rockets : RHP Derek Simpson
Batting: SHB Ramón Lugo 0-0: DOUBLE (Line Drive, 7M)
Batting: LHB Lewis Barr 0-0: Ball
1-0: Foul Ball, location: 2F
1-1: Ball
2-1: Called Strike
2-2: Strikes out swinging
Batting: LHB Kent MacDulothe 0-0: Ball
1-0: Ground out 5-3 (Groundball, 56)
Batting: LHB Roberto García 0-0: Ball
1-0: Called Strike
1-1: Foul Ball, location: 2F
1-2: Foul Ball, location: 2F
1-2: Ball
2-2: SINGLE (Groundball, 5D)
Ramón Lugo to third
Runner from 3rd tries for Home, SAFE, no throw or cutoff
Batting: LHB José Rodríguez 0-0: Called Strike
0-1: Called Strike
0-2: Ball
1-2: Ball
2-2: Ground out 4-3 (Groundball, 4)
Bottom of the 3rd over - 1 run(s), 2 hit(s), 0 error(s), 1 left on base; Nassau 0 - Toronto 3
TOP OF THE 4TH
Nassau Rockets batting - Pitching for Toronto Titans : LHP Braydon Schute
Batting: LHB Andrew Alvarado 0-0: Ball
1-0: Ball
2-0: Swinging Strike
2-1: Ball
3-1: Fly out, F9 (Line Drive, 9D)
Batting: LHB Bob Martin 0-0: Swinging Strike
0-1: Foul Ball, location: 2F
0-2: Strikes out swinging
Batting: RHB Yaichiro Sugahara 0-0: Ball
1-0: Foul Ball, location: 2F
1-1: Ball
2-1: Called Strike
2-2: Foul Ball, location: 2F
2-2: Ball
3-2: Foul Ball, location: 2F
3-2: Base on Balls
Batting: LHB Don Ramey 0-0: Ball
1-0: Ground out 4-3 (Groundball, 4)
Top of the 4th over - 0 run(s), 0 hit(s), 0 error(s), 1 left on base; Nassau 0 - Toronto 3
BOTTOM OF THE 4TH
Toronto Titans batting - Pitching for Nassau Rockets : RHP Derek Simpson
Batting: SHB Juan Gómez 0-0: Ball
1-0: Ball
2-0: Swinging Strike
2-1: Foul Ball, location: 2F
2-2: Strikes out swinging, 2-3 out at first.
Batting: RHB Alberto Velásquez 0-0: Ball
1-0: Ball
2-0: Fly out, F8 (Flyball, 8RD)
Batting: RHB Jim Tracy 0-0: Called Strike
0-1: Ball
1-1: Swinging Strike
1-2: Strikes out looking
Bottom of the 4th over - 0 run(s), 0 hit(s), 0 error(s), 0 left on base; Nassau 0 - Toronto 3
TOP OF THE 5TH
Nassau Rockets batting - Pitching for Toronto Titans : LHP Braydon Schute
Batting: RHB José Hernández 0-0: Foul Ball, location: 2F
0-1: Ball
1-1: Ball
2-1: Foul Ball, location: 2F
2-2: Foul Ball, location: 2F
2-2: SINGLE (Flyball, 7LS)
Pitching: RHP Howard Green
Batting: LHB Rafael Delgado 0-0: Ball
1-0: Fly out, F8 (Line Drive, 8LM)
Batting: RHB Pete Harvey 0-0: Ball
1-0: Ball
2-0: Swinging Strike
2-1: Grounds into double play, 6-4-3 (Groundball, 6)
Top of the 5th over - 0 run(s), 1 hit(s), 0 error(s), 0 left on base; Nassau 0 - Toronto 3
BOTTOM OF THE 5TH
Toronto Titans batting - Pitching for Nassau Rockets : RHP Derek Simpson
Batting: RHB Pedro Rosado 0-0: Foul Ball, location: 2F
0-1: Ball
1-1: Ball
2-1: Swinging Strike
2-2: Ball
3-2: Foul Ball, location: 2F
3-2: SINGLE (Groundball, 4MD)
Batting: SHB Ramón Lugo 0-0: Ball
1-0: Fly out, F9 (Flyball, 9M)
Batting: LHB Lewis Barr 0-0: Ball
1-0: Foul Ball, location: 2F
1-1: Foul Ball, location: 2F
1-2: Fly out, F7 (Flyball, 78M)
Batting: LHB Kent MacDulothe 0-0: Ball
1-0: Foul Ball, location: 2F
1-1: Called Strike
1-2: Ball
Pedro Rosado steals 2nd base
2-2: 2-RUN HOME RUN (Flyball, 9LD), Distance : 352 ft
Batting: LHB Roberto García 0-0: Ball
1-0: Foul Ball, location: 2F
1-1: Foul Ball, location: 2F
1-2: Foul Ball, location: 2F
1-2: Foul Ball, location: 2F
1-2: Fly out, F7 (Popup, 7LS)
Bottom of the 5th over - 2 run(s), 2 hit(s), 0 error(s), 0 left on base; Nassau 0 - Toronto 5
TOP OF THE 6TH
Nassau Rockets batting - Pitching for Toronto Titans : RHP Howard Green
Batting: RHB Ed Sims 0-0: Called Strike
0-1: Swinging Strike
0-2: Ball
1-2: Ball
2-2: Strikes out swinging
Batting: SHB Howard Parker 0-0: Ball
1-0: Ball
2-0: Ground out 6-3 (Groundball, 56)
Batting: LHB Andrew Alvarado 0-0: Ball
1-0: Ball
2-0: Ball
3-0: Base on Balls
Pitching: RHP Víctor López
Batting: LHB Bob Martin 0-0: Ball
1-0: Called Strike
Andrew Alvarado steals 2nd base
1-1: Ball
2-1: Fly out, F8 (Flyball, 8RS)
Top of the 6th over - 0 run(s), 0 hit(s), 0 error(s), 1 left on base; Nassau 0 - Toronto 5
BOTTOM OF THE 6TH
Toronto Titans batting - Pitching for Nassau Rockets : RHP Derek Simpson
Batting: LHB José Rodríguez 0-0: Called Strike
0-1: Ball
1-1: Ball
2-1: Ball
3-1: Ground out 1-3 (Groundball, 15S)
Batting: SHB Juan Gómez 0-0: Called Strike
0-1: Ball
1-1: Ball
2-1: Foul Ball, location: 2F
2-2: Strikes out swinging
Batting: RHB Alberto Velásquez 0-0: Ground out 6-3 (Groundball, 6)
Bottom of the 6th over - 0 run(s), 0 hit(s), 0 error(s), 0 left on base; Nassau 0 - Toronto 5
TOP OF THE 7TH
Nassau Rockets batting - Pitching for Toronto Titans : RHP Víctor López
Batting: RHB Yaichiro Sugahara 0-0: Called Strike
0-1: Ball
1-1: Swinging Strike
1-2: Ball
2-2: Strikes out swinging
Batting: LHB Don Ramey 0-0: Called Strike
0-1: Ball
1-1: Ball
2-1: Foul Ball, location: 2F
2-2: DOUBLE (Line Drive, 9LM)
Batting: RHB José Hernández 0-0: Foul Ball, location: 2F
0-1: Foul Ball, location: 2F
0-2: Ground out 6-3 (Groundball, 6)
Don Ramey to third
Batting: LHB Rafael Delgado 0-0: Fly out, F7 (Flyball, 7S)
Top of the 7th over - 0 run(s), 1 hit(s), 0 error(s), 1 left on base; Nassau 0 - Toronto 5
BOTTOM OF THE 7TH
Toronto Titans batting - Pitching for Nassau Rockets : RHP Derek Simpson
Pitching: RHP Terry Adams
Batting: RHB Jim Tracy 0-0: Ball
1-0: Called Strike
1-1: Ball
2-1: Foul Ball, location: 2F
2-2: DOUBLE (Line Drive, 7LS)
Batting: RHB Pedro Rosado 0-0: Called Strike
0-1: Ball
1-1: Ball
2-1: DOUBLE (Popup, 3D)
Jim Tracy scores
Batting: SHB Ramón Lugo 0-0: Ball
1-0: Foul Ball, location: 2F
1-1: Sac Bunt - play at first, batter OUT! 1-4
Pedro Rosado to third
Batting: LHB Lewis Barr 0-0: Foul Ball, location: 2F
0-1: Foul Ball, location: 2F
0-2: Ball
1-2: SINGLE (Groundball, 34D)
Pedro Rosado scores
Batting: LHB Kent MacDulothe 0-0: Foul Ball, location: 2F
0-1: Ball
1-1: Ball
2-1: Ball
3-1: Fly out, F8 (Flyball, 8LM)
Batting: LHB Roberto García 0-0: Called Strike
0-1: Ball
1-1: Fly out, F7 (Line Drive, 7D)
Bottom of the 7th over - 2 run(s), 3 hit(s), 0 error(s), 1 left on base; Nassau 0 - Toronto 7
TOP OF THE 8TH
Nassau Rockets batting - Pitching for Toronto Titans : RHP Víctor López
Batting: RHB Pete Harvey 0-0: Ball
1-0: Swinging Strike
1-1: Ball
2-1: Called Strike
2-2: Strikes out swinging
Batting: RHB Ed Sims 0-0: Swinging Strike
0-1: Fly out, F4 (Popup, 4)
Batting: SHB Howard Parker 0-0: SINGLE (Groundball, 56D)
Batting: LHB Andrew Alvarado 0-0: Foul Ball, location: 2F
0-1: Called Strike
0-2: Ball
1-2: Strikes out swinging
Top of the 8th over - 0 run(s), 1 hit(s), 0 error(s), 1 left on base; Nassau 0 - Toronto 7
BOTTOM OF THE 8TH
Toronto Titans batting - Pitching for Nassau Rockets : RHP Terry Adams
Batting: LHB José Rodríguez 0-0: DOUBLE (Groundball, 3L)
Batting: SHB Juan Gómez 0-0: Called Strike
0-1: Ball
1-1: Ball
2-1: Foul Ball, location: 2F
2-2: Ball
3-2: SINGLE (Line Drive, 7LS)
José Rodríguez to third
Batting: RHB Alberto Velásquez 0-0: Fly out, F9 (Flyball, 89M)
Batting: RHB Jim Tracy 0-0: Called Strike
0-1: Called Strike
0-2: Foul Ball, location: 2F
0-2: SINGLE (Line Drive, 4D)
José Rodríguez scores
Juan Gómez to second
Batting: RHB Pedro Rosado 0-0: Ball
1-0: Ball
2-0: Foul Ball, location: 2F
2-1: Ground out 2-3 (Groundball, 23)
Juan Gómez to third
Jim Tracy to second
Batting: SHB Ramón Lugo 0-0: Fly out, F7 (Flyball, 78M)
Bottom of the 8th over - 1 run(s), 3 hit(s), 0 error(s), 2 left on base; Nassau 0 - Toronto 8
TOP OF THE 9TH
Nassau Rockets batting - Pitching for Toronto Titans : RHP Víctor López
Batting: LHB Bob Martin 0-0: Foul Ball, location: 2F
0-1: Foul Ball, location: 2F
0-2: Ball
1-2: Ball
2-2: Fly out, F4 (Popup, 4MD)
Batting: RHB Yaichiro Sugahara 0-0: Called Strike
0-1: Called Strike
0-2: Ball
1-2: Ball
2-2: Foul Ball, location: 2F
2-2: Ground out 6-3 (Groundball, 6MD)
Batting: LHB Don Ramey 0-0: Ball
1-0: Swinging Strike
1-1: Ball
2-1: Ground out 3-1 (Groundball, 34)
Top of the 9th over - 0 run(s), 0 hit(s), 0 error(s), 0 left on base; Nassau 0 - Toronto 8
Monday, December 5th, 2016 - OOTP Baseball 17.12 Build 75